 Dungeon Crawl Stone Soup version 0.26-a0-49-g0e6732e0a6 (webtiles) character file.

Game seed: 3415977265139717463

560 Maedhros the Insei (level 7, -1/43 HPs)
             Began as an Octopode Artificer on June 4, 2020.
             Killed from afar by a bog mummy (10 damage)
             ... with a puff of frost
             ... in an ossuary.
             The game lasted 00:08:07 (1156 turns).

Maedhros the Insei (Octopode Artificer)             Turns: 1156, Time: 00:08:07

Health: -1/43      AC:  1    Str: 11    XL:     7   Next: 31%
Magic:  9/9        EV: 13    Int: 13    God:
Gold:   75         SH:  0    Dex: 15    Spells: 6/6 levels left

rFire    . . .     SeeInvis .   a - +0 short sword
rCold    . . .     Gourm    .   (no shield)
rNeg     . . .     Faith    .   (helmet restricted)
rPois    .         Spirit   .   (no amulet)
rElec    .         Reflect  .   k - ring of protection from magic
rCorr    .         Harm     .   (no ring)
MR       +....                  (no ring)
Stlth    ++++......             (no ring)
HPRegen  0.14/turn              (no ring)
MPRegen  0.11/turn              (no ring)
                                (no ring)
                                (no ring)

@: no status effects
A: almost no armour, stealthy swim, amphibious, 8 rings, constrict 8, camouflage
1, gelatinous body 1
a: no special abilities


You were in an ossuary.
You were hungry.

You visited 1 branch of the dungeon, and saw 5 of its levels.
You also visited: Ossuary.

You collected 75 gold pieces.

Inventory:

Hand Weapons
 a - a +0 short sword (weapon)
 n - a +0 arbalest
Jewellery
 k - a ring of protection from magic (left tentacle)
Wands
 b - a wand of flame (6)
 c - a wand of enslavement (5)
 d - a wand of random effects (7)
Scrolls
 e - 2 scrolls of noise {unknown}
 h - a scroll of enchant weapon {unknown}
 m - a scroll of identify {unknown}
Potions
 g - a potion of might {unknown}
 i - 2 potions of brilliance {unknown}
 j - a potion of berserk rage {unknown}
 l - a potion of magic {unknown}
Comestibles
 f - a ration


   Skills:
 - Level 1.0 Fighting
 - Level 1.0 Short Blades
 - Level 2.0 Dodging
 - Level 6.0 Stealth
 + Level 6.2 Unarmed Combat
 - Level 3.2 Evocations


You had 6 spell levels left.
You didn't know any spells.
Your spell library was empty.

Dungeon Overview and Level Annotations

Branches:
Dungeon (7/15)            Ossuary (1/1)
 Temple: D:4-7

Altars:
Nemelex Xobeh

Portals:
Abyss: D:3

Annotations:
D:3 2 transporters, kelmiir's ghost, weakling DrEE


Innate Abilities, Weirdness & Mutations

You cannot wear most types of armour.
You are very stealthy in the water. (Stealth+)
You are amphibious.
You can wear up to eight rings at the same time.
You can use your tentacles to constrict eight enemies at once.
Your skin changes colour to match your surroundings (Stealth+).
Your rubbery body absorbs attacks. (AC +1, EV +1)


Message History

Evoke which item? (* to show all) (? for menu, Esc to quit)
Aiming: Enslavement
Press: ? - help, Shift-Dir - straight line, f - bog mummy
Aim: a bog mummy (chance to defeat MR: 55%)
The bog mummy resists with significant effort.
Evoke which item? (* to show all) (? for menu, Esc to quit)
Aiming: Enslavement
Press: ? - help, Shift-Dir - straight line, p - bog mummy The mummy is charmed.
What are your orders? t - Shout!
Orders for allies: a - Attack new target. r - Retreat! s - Stop attacking. g - Guard the area. f - Follow me.
Anything else - Cancel.
Guard this area!
Your mummy barely misses the bog mummy.
Something hits the bog mummy.
The bog mummy gestures at you while chanting.
The puff of frost hits you!
You die...

# # ≈##
.#P≈.#
###+#.≈.≈.#
#.'.M.M..≈≈
###.#####
#.'.#...#
###.'P..#
#.'@#.P.#
###.#####.#
#.'.'.#


'M' ###.#####.# #.'.#..∩#.# ###.'.∩.#.# #.'.#...#.# ###.#####.#####.#
#.'........≈ZM... You could see a bog mummy.

Vanquished Creatures
  Duvessa (D:4)
  2 ogres
  Dowan (D:4)
  A howler monkey (D:7)
  A hound (D:7)
  An iguana (D:7)
  A worker ant (D:4)
  A hound zombie (Ossuary)
  3 mummies (Ossuary)
  A howler monkey zombie (Ossuary)
  A worker ant zombie (Ossuary)
  A shadow imp (D:7)
  An ooze (D:4)
  2 adder zombies (Ossuary)
  A worm (D:4)
  A leopard gecko (D:3)
  6 orcs
  A ball python (D:3)
  4 bats (D:3)
  A goblin (D:3)
  4 hobgoblins
  2 kobolds (D:1)
  2 quokkas
  2 jackal skeletons (D:4)
  A jackal zombie (Ossuary)
  4 rats
47 creatures vanquished.

Vanquished Creatures (collateral kills)
  An ogre (D:4)
  3 mummies (Ossuary)
4 creatures vanquished.

Vanquished Creatures (others)
  A worker ant (D:4)
  A centaur zombie (Ossuary)
  2 mummies (Ossuary)
4 creatures vanquished.

Grand Total: 55 creatures vanquished

Notes
Turn   | Place    | Note
-------+----------+-------------------------------------------
     0 | D:1      | Maedhros the Octopode Artificer began the quest for the
                  | Orb.
     0 | D:1      | Reached XP level 1. HP: 13/13 MP: 3/3
   122 | D:3      | Reached XP level 2. HP: 12/18 MP: 4/4
   135 | D:3      | Found a one-way gate to the infinite horrors of the Abyss.
   135 | D:3      | Noticed kelmiir's ghost (weakling DrEE)
   153 | D:3      | Noticed a big kobold
   191 | D:3      | Found a transporter.
   212 | D:3      | Found a transporter.
   386 | D:4      | Reached skill level 5 in Stealth
   386 | D:4      | Reached XP level 3. HP: 16/23 MP: 5/5
   470 | D:4      | Noticed an ogre
   480 | D:4      | Killed an ogre
   480 | D:4      | Reached XP level 4. HP: 16/28 MP: 6/6
   480 | D:4      | Noticed an ogre
   489 | D:4      | Killed an ogre
   489 | D:4      | Reached XP level 5. HP: 20/33 MP: 7/7
   552 | D:4      | Noticed Dowan
   552 | D:4      | Noticed Duvessa
   562 | D:4      | Your ally died
   599 | D:4      | Killed Duvessa
   599 | D:4      | Reached XP level 6. HP: 28/38 MP: 8/8
   732 | D:4      | Found a sparkling altar of Nemelex Xobeh.
   732 | D:4      | You fall into a shaft and drop 3 floors!
   880 | D:7      | Reached skill level 5 in Unarmed Combat
   948 | D:7      | Reached XP level 7. HP: 19/43 MP: 9/9
  1041 | D:7      | Found a sand-covered staircase.
  1047 | Ossuary  | Entered an ossuary
  1156 | Ossuary  | Killed from afar by a bog mummy

Illustrated notes

Levels and vault maps discovered:
D:1:      ebering_hopf_link, layout_basic, st_stairs_13, kennysheep_doodads,
          minmay_pentomino_w2
D:2:      layout_rooms
D:3:      layout_rooms, gammafunk_ghost_abyssal_escape, first_ration
D:4:      layout_layer_cave, nemelex_xobeh_ov_fountains_minmay,
          guppyfry_shop_venom, uniq_duvessa
D:7:      layout_loops_corners, lemuel_crystal_altar,
          nicolae_ossuary_entry_monument
Ossuary:  ossuary_zaba_flooded

Skill      XL: |  1  2  3  4  5  6  7 |
---------------+----------------------+-----
Stealth        | 2 5 6 |  6.0
Unarmed Combat | 2 4 5 6 |  6.2
Fighting       | |  1.0
Short Blades   | |  1.0
Dodging        | |  2.0
Evocations     | |  3.2

Action                   |  1- 3 |  4- 6 |  7- 9 || total
-------------------------+-------+-------+-------++-------
Melee: Short sword       |    45 |    38 |    34 ||   117
       Constrict         |    12 |    11 |     9 ||    32
       Tentacles         |     8 |     8 |    12 ||    28
       Punch             |       |     1 |     3 ||     4
Evoke: Wand              |     1 |    17 |     9 ||    27
 Stab: Sleeping          |     4 |     2 |       ||     6
       Distracted        |     1 |       |     1 ||     2
Armor: Skin              |     5 |     1 |       ||     6
Dodge: Dodged            |    25 |    18 |    17 ||    60

Table legend:
 A = Non-vault XP
 B = Vault XP
 C = Vault XP percentage of total XP
 D = Non-vault monster count
 E = Vault monster count
 F = Vault count percentage of total count
                 A         B        C        D         E       F
            +---------+---------+-------+---------+---------+-------
      Total |     503 |     298 |  37.2 |      36 |      16 |  30.8
            +---------+---------+-------+---------+---------+-------
        D:1 |       7 |       2 |  22.2 |       4 |       1 |  20.0
        D:3 |      22 |       0 |   0.0 |      12 |       0 |   0.0
        D:4 |     200 |     145 |  42.0 |       9 |       2 |  18.2
        D:7 |     274 |       0 |   0.0 |      11 |       0 |   0.0
    Ossuary |       0 |     151 | 100.0 |       0 |      13 | 100.0
            +---------+---------+-------+---------+---------+-------
